 Dungeon Crawl Stone Soup version 0.21-a0-201-g8501b10 (webtiles) character file.

5516 Ijustatesigmund the Basher (level 10, -19/73 HPs)
             Began as an Octopode Fighter on Aug 17, 2017.
             Was an Elder of Cheibriados.
             Demolished by a death knight
             ... wielding a +2 halberd
              (28 damage)
             ... on level 10 of the Dungeon.
             The game lasted 00:22:29 (7710 turns).

Ijustatesigmund the Basher (Octopode Fighter)       Turns: 7710, Time: 00:22:30

Health: -19/73     AC:  1    Str: 27    XL:     10   Next: 70%
Magic:  0/15       EV: 19    Int: 20    God:    Cheibriados [****..]
Gold:   371        SH: 13    Dex: 26    Spells: 9/9 levels left

rFire    . . .     SeeInvis .   a - +4 flail
rCold    . . .     Gourm    .   b - +1 shield
rNeg     . . .     Faith    .   (helmet restricted)
rPois    .         Spirit   +   v - amulet of guardian spirit
rElec    .         Reflect  .   k - +3 ring of evasion
rCorr    .         Harm     .   y - ring of wizardry
MR       .....     Clarity  +   (no ring)
Stlth    +++.......             (no ring)
HPRegen  0.22/turn              (no ring)
MPRegen  0.14/turn              (no ring)
                                (no ring)
                                (no ring)

@: lethally poisoned (-19 -> -19), very slow
A: almost no armour, stealthy swim, amphibious, 8 rings, constrict 8, camouflage
1, agile 1, clarity, gelatinous body 1, MP-powered wands
a: Bend Time, Temporal Distortion, Slouch, Renounce Religion


You were on level 10 of the Dungeon.
You worshipped Cheibriados.
Cheibriados was greatly pleased with you.
You were hungry.

You visited 2 branches of the dungeon, and saw 11 of its levels.
You also visited: Ossuary.

You collected 413 gold pieces.
You spent 42 gold pieces at shops.

Inventory:

Hand Weapons
 a - a +4 flail (weapon)
Armour
 b - a +1 shield (worn)
 c - a +0 large shield
Jewellery
 k - a +3 ring of evasion (left tentacle)
 v - an amulet of guardian spirit (around mantle)
 y - a ring of wizardry (right tentacle)
Wands
 e - a wand of acid (0/15)
 j - a wand of disintegration (0/24)
 t - a wand of polymorph (3/24)
 u - a wand of digging (11/24)
 z - a wand of iceblast (11/15)
Scrolls
 f - 7 scrolls of remove curse
 p - a scroll of teleportation
 q - 3 scrolls of identify
 r - a scroll of immolation
Potions
 g - 3 potions of lignification
 h - 5 potions of curing
 i - a potion of ambrosia
 m - 2 potions of magic
 n - 2 potions of brilliance
 s - a potion of flight
 w - 2 potions of mutation
 x - a potion of heal wounds
Comestibles
 d - 10 bread rations
 l - 5 royal jellies
 o - 2 meat rations
 A - a chunk of flesh


   Skills:
 + Level 8.9 Fighting
 + Level 9.9 Maces & Flails
 + Level 5.3 Dodging
 + Level 5.1 Shields
 + Level 7.1 Invocations


You had 9 spell levels left.
You didn't know any spells.

Dungeon Overview and Level Annotations

Branches:
Dungeon (10/15)            Temple (1/1) D:5             Orc (0/2) D:10
   Lair: D:8-11

Altars:
Ashenzari
Cheibriados
Dithmenos
Fedhas
Hepliaklqana
Makhleb
Okawaru
Qazlal
Ru
Sif Muna
Trog
Vehumet
Xom
Yredelemnul

Shops:
D:5 !   D:9 [

Annotations:
D:10 Grum


Innate Abilities, Weirdness & Mutations

You cannot wear most types of armour.
You are very stealthy in the water. (Stealth+)
You are amphibious.
You can wear up to eight rings at the same time.
You can use your tentacles to constrict eight enemies at once.
Your skin changes colour to match your surroundings (Stealth+).
Your rubbery body absorbs attacks. (AC +1, EV +1)
You are agile. (Dex +2)
You possess an exceptional clarity of mind.
You expend magic power (3 MP) to strengthen your wands.


Message History

* * * LOW HITPOINT WARNING * * *
You are too injured to fight recklessly!
You are too injured to fight recklessly!
You are too injured to fight recklessly!
You are too injured to fight recklessly!
You are too injured to fight recklessly!
You are too injured to fight recklessly!
You are too injured to fight recklessly!
You are too injured to fight recklessly!
You are too injured to fight recklessly!
As you read the scroll of teleportation, it crumbles to dust.
You feel strangely unstable.
You block the skeletal warrior's attack.
You feel sick.
You hear a blaring wail to the southwest.
The death knight offers itself to Yredelemnul, and fills with unholy energy.
Your surroundings seem slightly different.
You feel sick.
The phantasmal warrior blinks!
The death knight hits you from afar with an enchanted halberd!!
You die...

####### ###.....###
#((.#.#...#
#.........#
#...#.#..§#
#..W.@....#
###....z.?..#
.%.###........p..#
#................# #
##...#.#...W......#
..##.................#
.......#.#.....######
........§..y..
#.y...........


You could see a death knight, a skeletal warrior, a phantasmal warrior, a hornet
(wandering) and a wraith (wandering).

Vanquished Creatures
  A two-headed ogre (D:8)
  2 hippogriffs
  A slime creature (D:10)
  A wraith (D:10)
  Eustachio (D:6)
  A hungry ghost (D:8)
  A steam dragon (D:8)
  Edmund (D:5)
  Duvessa (D:4)
  3 orc warriors
  2 ice beasts
  A black bear (D:7)
  A sky beast (D:6)
  2 phantoms
  2 ogres
  3 wolves (D:10)
  3 centaurs
  A wyvern zombie (D:6)
  2 bullfrogs (D:6)
  2 wyvern skeletons
  Dowan (D:4)
  2 scorpions (D:8)
  4 killer bees (D:10)
  7 crimson imps
  3 centaur zombies
  A quasit (D:6)
  2 hounds
  A jelly (D:5)
  4 orc priests
  A centaur skeleton (D:5)
  An iguana (D:5)
  8 orc wizards
  5 worker ants
  Natasha (thrice) (D:2)
  3 big kobold zombies (Ossuary)
  5 hound zombies
  A hound skeleton (D:10)
  3 mummies (Ossuary)
  6 gnolls
  6 adders
  A shadow imp (D:8)
  An ooze (D:2)
  An adder zombie (Ossuary)
  2 adder skeletons
  6 worms
  4 dart slugs
  7 leopard geckos
  27 orcs
  2 ball pythons
  16 giant cockroaches
  5 gnoll zombies
  10 goblins
  8 hobgoblins
  6 jackals
  2 quokkas
  2 bats
  5 frilled lizards
  8 goblin zombies
  A hobgoblin zombie (Ossuary)
  5 jackal zombies (Ossuary)
  7 kobolds
  3 kobold zombies (Ossuary)
  A leopard gecko skeleton (D:7)
  2 orc zombies (Ossuary)
  2 quokka zombies
  12 rats
  5 rat zombies
250 creatures vanquished.

Notes
Turn   | Place    | Note
-------+----------+-------------------------------------------
     0 | D:1      | Ijustatesigmund the Octopode Fighter began the quest for the Orb.
     0 | D:1      | Reached XP level 1. HP: 16/16 MP: 1/1
    67 | D:1      | Reached XP level 2. HP: 16/21 MP: 2/2
   636 | D:1      | Reached XP level 3. HP: 24/26 MP: 3/3
   773 | D:2      | Reached skill level 3 in Maces & Flails
  1029 | D:2      | Found a bloodstained altar of Trog.
  1078 | D:2      | Found a faded altar of an unknown god.
  1283 | D:2      | Reached XP level 4. HP: 26/33 MP: 4/4
  1412 | D:2      | Noticed Natasha
  1416 | D:2      | Killed Natasha
  1433 | D:2      | Reached skill level 4 in Maces & Flails
  1435 | D:2      | Reached XP level 5. HP: 35/37 MP: 5/5
  1440 | D:2      | Noticed Natasha
  1442 | D:2      | Killed Natasha
  1469 | D:2      | Noticed Natasha
  1474 | D:2      | Killed Natasha
  1888 | D:3      | Reached XP level 6. HP: 41/44 MP: 6/6
  1908 | D:3      | Reached skill level 5 in Maces & Flails
  2142 | D:4      | Reached skill level 5 in Fighting
  2206 | D:4      | Found a shimmering altar of Xom.
  2206 | D:4      | Found a shimmering altar of Xom.
  2207 | D:4      | Found a shimmering altar of Xom.
  2208 | D:4      | Found a shimmering altar of Xom.
  2208 | D:4      | Found a shimmering altar of Xom.
  2233 | D:4      | Noticed Dowan
  2249 | D:4      | Noticed Duvessa
  2249 | D:4      | Killed Dowan
  2249 | D:4      | Reached XP level 7. HP: 50/50 MP: 7/7
  2259 | D:4      | Killed Duvessa
  2259 | D:4      | Reached skill level 6 in Maces & Flails
  2487 | D:5      | Entered Level 5 of the Dungeon
  2954 | D:5      | Reached skill level 7 in Maces & Flails
  3031 | D:5      | Noticed Edmund
  3040 | D:5      | Killed Edmund
  3040 | D:5      | Reached XP level 8. HP: 35/57 MP: 8/8
  3047 | D:5      | Found a staircase to the Ecumenical Temple.
  3055 | Temple   | Entered the Ecumenical Temple
  3065 | Temple   | Became a worshipper of Cheibriados the Contemplative
  3295 | D:5      | Found a basalt altar of Yredelemnul.
  3375 | D:5      | Found a stormy altar of Qazlal.
  3380 | D:5      | Reached skill level 1 in Invocations
  3399 | D:5      | Found Zeagiy's Distillery.
  3403 | D:5      | Bought a potion of flight for 42 gold pieces
  3926 | D:6      | Gained mutation: You are clumsy. (Dex -2) [potion of mutation]
  3926 | D:6      | Gained mutation: You possess an exceptional clarity of mind. [potion of mutation]
  3926 | D:6      | Gained mutation: You are somewhat resistant to further mutation. [potion of mutation]
  3927 | D:6      | Lost mutation: You are clumsy. (Dex -2) [potion of mutation]
  3927 | D:6      | Lost mutation: You possess an exceptional clarity of mind. [potion of mutation]
  3927 | D:6      | Gained mutation: Your system is resistant to poisons. (rPois) [potion of mutation]
  4011 | D:6      | Reached skill level 8 in Maces & Flails
  4019 | D:6      | Noticed Eustachio
  4033 | D:6      | Killed Eustachio
  4035 | D:6      | Reached * piety under Cheibriados
  4328 | D:6      | Found a shattered altar of Ashenzari.
  4341 | D:6      | Found a shadowy altar of Dithmenos.
  4343 | D:6      | Found an iron altar of Okawaru.
  4346 | D:6      | Found a sacrificial altar of Ru.
  4463 | D:6      | Reached XP level 9. HP: 30/64 MP: 12/12
  4674 | D:6      | Lost mutation: Your system is resistant to poisons. (rPois) [potion of mutation]
  4674 | D:6      | Lost mutation: You are somewhat resistant to further mutation. [potion of mutation]
  4674 | D:6      | Gained mutation: You expend magic power (3 MP) to strengthen your wands. [potion of mutation]
  4674 | D:6      | Gained mutation: You possess an exceptional clarity of mind. [potion of mutation]
  4674 | D:6      | Gained mutation: You are agile. (Dex +2) [potion of mutation]
  4932 | D:7      | Reached skill level 5 in Invocations
  5085 | D:7      | Found a radiant altar of Vehumet.
  5086 | D:7      | Found a hazy altar of Hepliaklqana.
  5090 | D:7      | Reached skill level 9 in Maces & Flails
  5672 | D:7      | Reached ** piety under Cheibriados
  5981 | D:8      | Found a sand-covered staircase.
  6006 | Ossuary  | Entered an ossuary
  6156 | Ossuary  | Reached *** piety under Cheibriados
  6526 | D:8      | Noticed a two-headed ogre
  6877 | D:8      | Killed a two-headed ogre
  6877 | D:8      | Reached XP level 10. HP: 58/73 MP: 10/14
  6930 | D:8      | Reached **** piety under Cheibriados
  7404 | D:9      | Found Hidiy's Armour Shoppe.
  7413 | D:9      | Noticed a death knight
  7538 | D:10     | Entered Level 10 of the Dungeon
  7558 | D:10     | Found a staircase to the Orcish Mines.
  7583 | D:10     | Reached skill level 5 in Dodging
  7659 | D:10     | Noticed a death knight
  7659 | D:10     | Noticed a phantasmal warrior
  7659 | D:10     | Noticed a skeletal warrior
  7665 | D:10     | Noticed a two-headed ogre
  7670 | D:10     | Noticed Grum
  7676 | D:10     | Reached skill level 5 in Shields
  7710 | D:10     | Demolished by a death knight

Vault maps used:
D:1:      onia_arrival_pyramid
D:2:      overflow_temple_1_default, chequers_ecumenical_altar_island,
          uniq_natasha
D:3:      minmay_roachtagon
D:4:      xom_redecorated, first_bread, nrook_uturn, uniq_duvessa
D:5:      lemuel_zombie_altar_yredelemnul, minmay_temple_entry_glassed_door,
          serial_shops, shop, minmay_misc_feat_five,
          nicolae_qazlal_eye_of_the_storm, uniq_edmund
D:6:      grunt_temple_overflow_cloverleaf, st_stairs_12, uniq_eustachio
D:7:      gammafunk_temple_overflow_pools
D:8:      enter_ossuary_4
D:9:      lair_entry_dummy, serial_shops, shop
D:10:     orc_0_dummy, serial_glass, glass_columns_a, glass_columns_b,
          glass_columns_a, glass_columns_a, glass_columns_a, glass_columns_a,
          glass_columns_a, glass_columns_c, uniq_grum
Temple:   nicolae_temple_god_jail
Ossuary:  minmay_ossuary_two_tombs

Skill      XL: |  1  2  3  4  5  6  7  8  9 10 |
---------------+-------------------------------+-----
Maces & Flails | 3 4 5 7 8 9 |  9.9
Fighting       | 4 5 7 8 |  8.9
Invocations    | 4 6 7 |  7.1
Dodging        | 4 5 |  5.3
Shields        | 4 5 |  5.1

Action                   |  1- 3 |  4- 6 |  7- 9 | 10-12 || total
-------------------------+-------+-------+-------+-------++-------
Melee: Flail             |    66 |    87 |   282 |    79 ||   514
       Constrict         |    19 |    24 |    70 |    14 ||   127
       Tentacles         |     3 |    15 |    84 |    36 ||   138
Invok: Bend Time         |       |       |     3 |     4 ||     7
Evoke: Wand              |       |     2 |    12 |     2 ||    16
  Use: Scroll            |     7 |     5 |    10 |     8 ||    30
       Potion            |     1 |     6 |     6 |       ||    13
 Stab: Sleeping          |     6 |     2 |    17 |     1 ||    26
       Distracted        |       |     1 |     1 |       ||     2
  Eat: Chunk             |     1 |     3 |     7 |     1 ||    12
       Royal jelly       |       |       |     1 |       ||     1
       Fruit             |       |       |     2 |     2 ||     4
Armor: Skin              |     7 |     3 |     9 |     3 ||    22
Dodge: Dodged            |    29 |    30 |   160 |    61 ||   280
Block: Shield            |    20 |    44 |   141 |    65 ||   270
